 Dungeon Sprint DCSS version 0.21.1-1-g345015f (webtiles) character file.

4200000 Fang the Axe Maniac (level 24, -4/249 HPs)
             Began as a Minotaur Gladiator on June 4, 2018.
             Was the Champion of Makhleb.
             Slain by a meat berserker
             ... wielding a +9 battleaxe
              (55 damage)
             ... in the Dungeon (Sprint VIII: "Arena of Blood").
             The game lasted 00:01:00 (42 turns).

Fang the Axe Maniac (Minotaur Gladiator)              Turns: 42, Time: 00:01:01

Health: -4/249     AC:  6    Str: 27    XL:     24   Next: 96%
Magic:  19/53      EV: 32    Int:  5    God:    Makhleb [******]
Gold:   0          SH:  0    Dex: 16    Spells: 77/77 levels left

rFire    . . .     SeeInvis .   l - +∞ Axe of Woe
rCold    . . .     Gourm    .   (shield currently unavailable)
rNeg     . . .     Faith    .   b - +0 leather armour
rPois    .         Spirit   .   c - +0 hat
rElec    .         Reflect  .   (no cloak)
rCorr    .         Harm     .   (no gloves)
MR       +....     NoTele   +   (no boots)
Stlth    +++++++++.             (no amulet)
HPRegen  0.51/turn              (no ring)
MPRegen  0.33/turn              (no ring)

@: no status effects
A: retaliatory headbutt, horns 2
a: Minor Destruction, Lesser Servant of Makhleb, Major Destruction, Greater
Servant of Makhleb, Renounce Religion


You were in the Dungeon.
You worshipped Makhleb.
Makhleb was exalted by your worship.
You were not hungry.

You visited 1 branch

Inventory:

Hand Weapons
 a - a +0 war axe
 l - the +∞ Axe of Woe (weapon)
   (You found it in the Dungeon)
Missiles
 d - 3 throwing nets (quivered)
Armour
 b - a +0 leather armour (worn)
 c - a +0 hat (worn)
Scrolls
 k - a scroll of blinking
Potions
 e - a potion of curing
 g - a potion of heal wounds
 h - a potion of haste
 i - 2 potions of magic
 j - a potion of berserk rage
Comestibles
 f - a ration


   Skills:
 O Level 27 Fighting
 O Level 27 Axes
 O Level 27 Throwing
 O Level 27 Armour
 O Level 27 Dodging
 O Level 27 Stealth
 O Level 27 Unarmed Combat
 O Level 27 Spellcasting
 O Level 27 Invocations


You had 77 spell levels left.
You didn't know any spells.

Dungeon Overview and Level Annotations

Branches:
Dungeon (1/1)

Altars:
Makhleb


Innate Abilities, Weirdness & Mutations

You reflexively headbutt those who attack you in melee.
You have a pair of horns on your head.


Message History

You are too injured to fight recklessly!
Unknown command.
Unknown command.
A small abomination comes into view.
You hear a shout! x3
The bag of meat is engulfed in blazing flames.
The bag of meat hits you with a +9 war axe!!
You hear a shout!
The bag of meat is engulfed in blazing flames.
You hear a shout! x2
The eight-headed meat hydra calls on the powers of darkness!
The eight-headed meat hydra convulses!
The bag of meat convulses! x7
The meat berserker convulses!
Your body is wracked with pain!
* * * LOW HITPOINT WARNING * * *
The bag of meat convulses! x3
Two crawling corpses merge to form a small abomination.
The destroyer blinks!
The bag of meat is engulfed in blazing flames. x2
The meat berserker hits you with a +9 battleaxe!!!
You die...

.... #... .# .#...
#... ..#
.....###... o.###.
..........###......
..#o......._......
#..x.o..#.....#
.....ox)#_.<._#
#.o.VoXo#X)...#.§
O.#o§zO@oox_......
V.oo.oV§o§###......
...oo###§Ooo...###.
..... #§xXV...#
.D.. #.......# ...
.......... .#§
...........
........V..
...........#


You could see an eight-headed meat hydra, 5 destroyers, a sculptor of flesh, a
large bag of meat (inner flame), 3 large abominations, a meat berserker
(berserk), 3 small abominations, 17 bags of meat and a crawling corpse.

Vanquished Creatures
  Harold (D)
  3 vampire knights (D)
  13 ogres (D)
  2 two-headed ogres (D)
  19 orcs (D)
38 creatures vanquished.

Notes
Turn   | Place    | Note
-------+----------+-------------------------------------------
     0 | D        | Found the +∞ Axe of Woe
     0 | D        | Fang the Minotaur Gladiator began the quest for the Orb.
     0 | D        | Reached XP level 1. HP: 18/18 MP: 0/0
     3 | D        | Noticed a bag of meat
     4 | D        | Became a worshipper of Makhleb the Destroyer
     5 | D        | Noticed a bag of meat
     6 | D        | Noticed a bag of meat
     8 | D        | Noticed a bag of meat
    10 | D        | Killed a bag of meat
    10 | D        | Reached skill level 10 in Throwing
    10 | D        | Reached XP level 2. HP: 12/41 MP: 1/1
    10 | D        | Reached XP level 3. HP: 14/48 MP: 2/2
    10 | D        | Reached XP level 4. HP: 17/56 MP: 3/3
    10 | D        | Reached XP level 5. HP: 18/62 MP: 4/4
    10 | D        | Reached XP level 6. HP: 21/70 MP: 5/5
    10 | D        | Reached XP level 7. HP: 23/77 MP: 6/6
    10 | D        | Reached XP level 8. HP: 25/83 MP: 7/7
    10 | D        | Reached XP level 9. HP: 27/90 MP: 8/8
    10 | D        | Reached XP level 10. HP: 29/97 MP: 9/9
    10 | D        | Reached XP level 11. HP: 31/104 MP: 10/10
    10 | D        | Killed a bag of meat
    10 | D        | Reached * piety under Makhleb
    10 | D        | Reached XP level 12. HP: 35/115 MP: 11/11
    11 | D        | Noticed a meat berserker
    11 | D        | Killed a bag of meat
    11 | D        | Reached XP level 13. HP: 38/125 MP: 12/12
    12 | D        | Noticed a bag of meat
    13 | D        | Noticed a bag of meat
    13 | D        | Killed a bag of meat
    13 | D        | Reached skill level 27 in Axes
    13 | D        | Reached XP level 14. HP: 18/137 MP: 13/13
    14 | D        | Noticed a bag of meat
    15 | D        | Noticed a bag of meat
    15 | D        | Noticed a large bag of meat
    15 | D        | Noticed a meat berserker
    15 | D        | Noticed a bag of meat
    16 | D        | Noticed a meat berserker
    16 | D        | Noticed a bag of meat
    16 | D        | Killed a meat berserker
    16 | D        | Reached ** piety under Makhleb
    16 | D        | Reached skill level 27 in Dodging
    16 | D        | Reached XP level 15. HP: 22/155 MP: 14/14
    17 | D        | Killed a meat berserker
    19 | D        | Reached XP level 16. HP: 175/182 MP: 15/15
    19 | D        | Reached *** piety under Makhleb
    19 | D        | Reached skill level 27 in Fighting
    20 | D        | Noticed a meat berserker
    20 | D        | Reached skill level 27 in Throwing
    21 | D        | Killed a large bag of meat
    21 | D        | Reached skill level 10 in Unarmed Combat
    21 | D        | Reached XP level 17. HP: 162/191 MP: 15/26
    21 | D        | Killed a meat berserker
    21 | D        | Reached **** piety under Makhleb
    21 | D        | Reached skill level 15 in Armour
    22 | D        | Reached skill level 15 in Unarmed Combat
    22 | D        | Reached skill level 10 in Spellcasting
    22 | D        | Reached XP level 18. HP: 200/200 MP: 15/31
    23 | D        | Noticed a meat berserker
    23 | D        | Reached skill level 15 in Invocations
    24 | D        | Noticed a meat berserker
    24 | D        | Noticed a meat berserker
    25 | D        | Reached skill level 15 in Stealth
    26 | D        | Noticed a meat berserker
    27 | D        | Killed a meat berserker
    27 | D        | Reached ***** piety under Makhleb
    27 | D        | Reached XP level 19. HP: 207/207 MP: 16/36
    28 | D        | Noticed a large bag of meat
    28 | D        | Killed a meat berserker
    28 | D        | Reached skill level 15 in Spellcasting
    28 | D        | Noticed a destroyer
    29 | D        | Killed a meat berserker
    29 | D        | Reached XP level 20. HP: 206/216 MP: 16/40
    30 | D        | Killed a meat berserker
    30 | D        | Reached skill level 27 in Armour
    31 | D        | Noticed a meat berserker
    31 | D        | Noticed The Servant
    31 | D        | Killed The Servant
    31 | D        | Reached skill level 27 in Stealth
    31 | D        | Reached XP level 21. HP: 224/224 MP: 16/42
    33 | D        | Noticed a large bag of meat
    33 | D        | Killed a destroyer
    33 | D        | Reached skill level 27 in Unarmed Combat
    33 | D        | Reached skill level 27 in Invocations
    34 | D        | Noticed a destroyer
    35 | D        | Killed a destroyer
    35 | D        | Reached ****** piety under Makhleb
    35 | D        | Reached skill level 27 in Spellcasting
    35 | D        | Reached XP level 22. HP: 233/233 MP: 17/52
    37 | D        | Noticed a destroyer
    38 | D        | Reached XP level 23. HP: 240/240 MP: 18/53
    39 | D        | Noticed a destroyer
    40 | D        | Killed a large bag of meat
    40 | D        | Reached XP level 24. HP: 249/249 MP: 18/53
    40 | D        | Noticed a destroyer
    41 | D        | Noticed a destroyer
    41 | D        | Noticed a destroyer
    41 | D        | Killed a destroyer
    42 | D        | Slain by a meat berserker

Skill      XL: |  1  2  3  4  5  6  7  8  9 10 11 12 13 14 15 16 17 18 19 20 21 |
---------------+----------------------------------------------------------------+-----
Fighting       | 12 13 14 16 20 26 27 | 27.0
Axes           | 20 23 25 27 | 27.0
Throwing       | 10 11 12 13 16 22 27 | 27.0
Dodging        | 18 21 22 24 27 | 27.0
Armour         | 11 16 22 25 27 | 27.0
Stealth        | 8 13 17 21 27 | 27.0
Unarmed Combat | 10 15 20 24 25 27 | 27.0
Spellcasting   | 6 10 14 17 18 27 | 27.0
Invocations    | 9 14 19 22 23 27 | 27.0

Action                   |  1- 3 |  4- 6 |  7- 9 | 10-12 | 13-15 | 16-18 | 19-21 | 22-24 || total
-------------------------+-------+-------+-------+-------+-------+-------+-------+-------++-------
Melee: Executioner's axe |     1 |       |       |     1 |     4 |     7 |     6 |     6 ||    25
 Stab: Distracted        |       |       |       |       |       |       |     1 |       ||     1
Dodge: Dodged            |       |       |       |       |     1 |     1 |       |       ||     2
